Red Wings vs Canadiens
(R1)
Created - October 20, 2020 at 19:27
Goals
|
| Red Wings |
1 |
0 |
0 |
1 |
2 |
| Canadiens |
0 |
1 |
0 |
0 |
1 |
|
Shots
|
| Red Wings |
15 |
7 |
8 |
4 |
34 |
| Canadiens |
14 |
6 |
5 |
0 |
25 |
|
1st period
1. Red Wings , Sean Bergenheim 1 (Kris Versteeg 1, Mike Richards 1) at 12:27 (PP)
Penalties :
Frans Nielsen (Mon) for Holding (Minor) at 11:33, Marko Dano (Det) for Hooking (Minor) at 19:14
2nd period
2. Canadiens , Steve Downie 1 (Benoit Pouliot 1) at 16:18
Penalties :
Sean Bergenheim (Det) for Holding (Minor) at 7:23, Jakub Kindl (Det) for High sticking (Minor) at 17:40
3rd period
No Goal
Penalties :
Philip Larsen (Mon) for Tripping (Minor) at 3:16, Petr Pohl (Det) for Hooking (Minor) at 8:34, Cameron Gaunce (Mon) for Holding (Minor) at 16:47, Mike Richards (Det) for Hooking (Minor) at 19:53
Overtime #1
3. Red Wings , Mike Richards 2 (Sean Bergenheim 3, Karl Alzner 1) at 2:10
Penalties :
No Penalty
Goalie Stats
James Reimer (Det), 24 saves from 25 shots - (0.960), W, 2-0-0, 62:10 minutes
Kristers Gudlevskis (Mon), 32 saves from 34 shots - (0.941), OTL, 0-0-1, 62:10 minutes
Players Stats for Red Wings
Player Name G A P +/- PIM S H SB GA TA FO MP PP MP PK MP
------------------------------------------------------------------------------------
Alex Picard 0 0 0 0 0 0 0 1 0 0 0/0 5:21 0:00 0:00
Carson Mcmillan 0 0 0 0 0 4 1 0 0 0 3/7 12:56 0:00 5:51
Connor Brown 0 0 0 0 0 2 0 0 1 0 1/1 17:56 2:12 0:00
Darroll Powe 0 0 0 0 0 1 0 0 0 0 7/8 12:33 0:00 4:37
David Krejci 0 0 0 0 0 2 1 0 0 0 3/3 11:14 0:39 0:00
Jakub Kindl 0 0 0 0 2 0 0 0 0 0 0/0 15:28 1:44 0:00
Jiri Fischer 0 0 0 0 0 1 1 2 1 0 0/0 20:23 0:00 6:06
Karl Alzner 0 1 1 0 0 1 2 1 0 1 0/0 20:28 1:44 3:27
Kris Versteeg 0 1 1 -1 0 3 4 0 1 1 2/4 19:44 2:25 2:39
Marko Dano 0 0 0 -1 2 1 3 0 1 0 0/0 18:02 1:50 0:16
Michael Haley 0 0 0 0 0 4 1 0 0 0 0/0 13:27 0:05 3:29
Mike Richards 1 1 2 0 2 3 0 0 1 0 11/22 17:20 2:24 0:00
Nick Bjugstad 0 0 0 0 0 3 1 1 0 0 7/13 16:31 2:12 0:24
Ole-Kristian Tollefsen 0 0 0 0 0 1 1 3 0 0 0/0 21:57 3:08 3:49
Petr Pohl 0 0 0 0 2 1 0 0 2 0 0/0 11:34 0:09 0:00
Philip Samuelsson 0 0 0 0 0 4 0 0 0 0 0/0 22:00 3:08 0:22
Ryan O'Byrne 0 0 0 0 0 1 1 4 0 0 0/0 24:03 0:00 6:06
Sean Bergenheim 1 1 2 1 2 2 0 0 0 0 0/0 17:43 2:40 0:41
Players Stats for Canadiens
Player Name G A P +/- PIM S H SB GA TA FO MP PP MP PK MP
------------------------------------------------------------------------------------
Benoit Pouliot 0 1 1 0 0 3 0 0 0 1 0/2 20:29 3:52 2:06
Brett Maclean 0 0 0 0 0 1 0 0 0 0 0/1 12:55 0:00 0:00
Bryce Lampman 0 0 0 0 0 1 3 0 0 1 0/0 26:49 4:54 2:54
Cameron Gaunce 0 0 0 0 2 0 0 2 0 0 0/0 11:46 0:00 0:00
Colton Parayko 0 0 0 0 0 0 4 5 0 2 0/0 26:49 4:54 2:54
Corey Perry 0 0 0 0 0 4 2 1 0 0 4/9 25:58 4:10 2:26
Dustin Boyd 0 0 0 0 0 1 0 0 0 1 2/4 7:27 0:00 1:41
Frans Nielsen 0 0 0 1 2 1 2 1 1 0 5/10 17:46 3:52 0:15
Greg Stewart 0 0 0 -1 0 1 0 1 0 0 2/2 19:38 4:10 0:54
Henrik Sedin 0 0 0 0 0 2 1 0 1 0 9/24 22:15 4:10 2:22
Jordan Szwarz 0 0 0 0 0 2 0 1 0 0 0/1 12:58 0:00 0:00
Mark Stuart 0 0 0 0 0 0 1 1 0 1 0/0 24:18 3:08 1:58
Nick Spaling 0 0 0 0 0 0 1 1 0 0 0/1 2:25 0:00 0:00
Philip Larsen 0 0 0 0 2 0 0 1 0 0 0/0 11:23 0:00 0:00
Pierre-Marc Bouchard 0 0 0 0 0 0 2 0 0 1 2/4 13:37 0:00 0:00
Raphael Diaz 0 0 0 0 0 1 1 2 0 0 0/0 24:18 3:08 1:58
Steve Downie 1 0 1 1 0 8 3 0 0 0 0/0 17:32 3:52 0:00
Viktor Stalberg 0 0 0 0 0 0 0 0 0 0 0/0 5:22 0:00 0:00
3 Stars
1 - James Reimer (Det)
2 - Steve Downie (Mon)
3 - Sean Bergenheim (Det)
Power Play
Red Wings - 1 on 3 Attempt(s) - 33.33%
Canadiens - 0 on 5 Attempt(s) - 0.00%
Penalty Kill
Red Wings - 5 on 5 Attempt(s) - 100.00%
- Score 0 goal in Penalty Kill
Canadiens - 2 on 3 Attempt(s) - 66.67%
- Score 0 goal in Penalty Kill
Team Stat
Red Wings - Hits : 16 - Faceoff Wins : 34 - Blocked Shots : 12 - Penalty Minutes : 10
Canadiens - Hits : 20 - Faceoff Wins : 24 - Blocked Shots : 16 - Penalty Minutes : 6
Official
Referees : Unknown
Linesman : Unknown
Game Notes
Alex Picard is injured at 5:46 of 2nd period (Bruised Right Shoulder)
Finance
Level 1 -- Attendance: 5699 (94.98%) -- Ticket Income $569,900
Level 2 -- Attendance: 4760 (95.20%) -- Ticket Income $304,640
Level 3 -- Attendance: 1436 (71.80%) -- Ticket Income $68,928
Level 4 -- Attendance: 2698 (67.45%) -- Ticket Income $94,430
Luxury Box -- Attendance: 951 (95.10%) -- Ticket Income $171,180
Game was played at the Centre Bell.
Total Attendance: 15544 (86.36%)
Total Ticket Income: $1,209,078
Other Income: $181,362
Total Income: $1,390,440
Red Wings
5 vs 5 Forward
Center Left Wing Right Wing Time % Phy DF OF
1 Mike Richards Marko Dano Kris Versteeg 35 0 2 3
2 Nick Bjugstad Sean Bergenheim Connor Brown 35 0 2 3
3 David Krejci Alex Picard Petr Pohl 20 0 3 2
4 Darroll Powe Michael Haley Carson Mcmillan 10 0 3 2
5 vs 5 Defense
Defense Defense Time % Phy DF OF
1 Philip Samuelsson Ryan O'Byrne 40 1 2 2
2 Ole-Kristian Tollefsen Karl Alzner 30 1 2 2
3 Jiri Fischer Jakub Kindl 20 1 2 2
4 Jiri Fischer Jakub Kindl 10 1 2 2
PowerPlay Forward
Center Left Wing Right Wing Time % Phy DF OF
1 Mike Richards Sean Bergenheim Kris Versteeg 55 0 1 4
2 Nick Bjugstad Marko Dano Connor Brown 45 0 1 4
PowerPlay Defense
Defense Defense Time % Phy DF OF
1 Philip Samuelsson Ole-Kristian Tollefsen 60 0 1 4
2 Jakub Kindl Karl Alzner 40 0 1 4
Penalty Kill 4 Players Forward
Center Wing Time % Phy DF OF
1 Darroll Powe Carson Mcmillan 55 0 4 1
2 Kris Versteeg Michael Haley 45 0 4 1
Penalty Kill 4 Players Defense
Defense Defense Time % Phy DF OF
1 Jiri Fischer Ryan O'Byrne 60 1 4 0
2 Karl Alzner Ole-Kristian Tollefsen 40 1 4 0
Penalty Kill - 3 Players Forward
Forward Time % Phy DF OF
1 Carson Mcmillan 60 0 5 0
2 Michael Haley 40 0 5 0
Penalty Kill - 3 Players Defense
Defense Defense Time % Phy DF OF
1 Jiri Fischer Ryan O'Byrne 60 0 5 0
2 Ole-Kristian Tollefsen Philip Samuelsson 40 0 5 0
4 vs 4 Forward
Center Wing Time % Phy DF OF
1 Mike Richards Marko Dano 60 0 2 3
2 Kris Versteeg Connor Brown 40 0 2 3
4 vs 4 Defense
Defense Defense Time % Phy DF OF
1 Philip Samuelsson Ryan O'Byrne 60 0 3 2
2 Ole-Kristian Tollefsen Karl Alzner 40 0 3 2
Last Minutes Offensive
Center Left Wing Right Wing Defense Defense
Mike Richards Sean Bergenheim Kris Versteeg Philip Samuelsson Ole-Kristian Tollefsen
Last Minutes Defensive
Center Left Wing Right Wing Defense Defense
Kris Versteeg Michael Haley Carson Mcmillan Ole-Kristian Tollefsen Ryan O'Byrne
Goaltenders
Starting : James Reimer
Backup : Josh Harding
Extra Forwards
Normal : Marko Dano, Connor Brown, Alex Picard - PP : David Krejci, Alex Picard - PK : Sean Bergenheim
Extra Defensemen
Normal : Philip Samuelsson, Ole-Kristian Tollefsen, Jiri Fischer - PP : Jiri Fischer - PK : Philip Samuelsson, Jakub Kindl
Penalty Shots
Kris Versteeg, Mike Richards, Nick Bjugstad, Marko Dano, Carson Mcmillan
Scratches
Chuck Kobasew (Healthy), Petter Granberg (Healthy)
Canadiens
5 vs 5 Forward
Center Left Wing Right Wing Time % Phy DF OF
1 Henrik Sedin Greg Stewart Corey Perry 40 1 2 2
2 Frans Nielsen Benoit Pouliot Steve Downie 30 1 2 2
3 Pierre-Marc Bouchard Brett Maclean Jordan Szwarz 20 1 2 2
4 Dustin Boyd Viktor Stalberg Corey Perry 10 1 2 2
5 vs 5 Defense
Defense Defense Time % Phy DF OF
1 Colton Parayko Bryce Lampman 40 1 2 2
2 Mark Stuart Raphael Diaz 30 1 2 2
3 Philip Larsen Cameron Gaunce 20 1 2 2
4 Colton Parayko Bryce Lampman 10 1 2 2
PowerPlay Forward
Center Left Wing Right Wing Time % Phy DF OF
1 Henrik Sedin Greg Stewart Corey Perry 60 1 2 2
2 Frans Nielsen Benoit Pouliot Steve Downie 40 1 2 2
PowerPlay Defense
Defense Defense Time % Phy DF OF
1 Colton Parayko Bryce Lampman 60 1 2 2
2 Mark Stuart Raphael Diaz 40 1 2 2
Penalty Kill 4 Players Forward
Center Wing Time % Phy DF OF
1 Corey Perry Henrik Sedin 60 1 2 2
2 Greg Stewart Benoit Pouliot 40 1 2 2
Penalty Kill 4 Players Defense
Defense Defense Time % Phy DF OF
1 Colton Parayko Bryce Lampman 60 1 2 2
2 Mark Stuart Raphael Diaz 40 1 2 2
Penalty Kill - 3 Players Forward
Forward Time % Phy DF OF
1 Corey Perry 60 1 2 2
2 Henrik Sedin 40 1 2 2
Penalty Kill - 3 Players Defense
Defense Defense Time % Phy DF OF
1 Colton Parayko Bryce Lampman 60 1 2 2
2 Mark Stuart Raphael Diaz 40 1 2 2
4 vs 4 Forward
Center Wing Time % Phy DF OF
1 Corey Perry Henrik Sedin 60 1 2 2
2 Greg Stewart Benoit Pouliot 40 1 2 2
4 vs 4 Defense
Defense Defense Time % Phy DF OF
1 Colton Parayko Bryce Lampman 60 1 2 2
2 Mark Stuart Raphael Diaz 40 1 2 2
Last Minutes Offensive
Center Left Wing Right Wing Defense Defense
Henrik Sedin Greg Stewart Corey Perry Colton Parayko Bryce Lampman
Last Minutes Defensive
Center Left Wing Right Wing Defense Defense
Henrik Sedin Greg Stewart Corey Perry Colton Parayko Bryce Lampman
Goaltenders
Starting : Kristers Gudlevskis
Backup : Allen York
Extra Forwards
Normal : Nick Spaling, Pierre-Marc Bouchard, Dustin Boyd - PP : Nick Spaling, Pierre-Marc Bouchard - PK : Dustin Boyd
Extra Defensemen
Normal : Philip Larsen, Cameron Gaunce, Mark Stuart - PP : Philip Larsen - PK : Cameron Gaunce, Mark Stuart
Penalty Shots
Corey Perry, Henrik Sedin, Greg Stewart, Benoit Pouliot, Steve Downie
Scratches
Nikolai Zherdev (Healthy), David Pastrnak (Healthy)
% Time on Ice - Red Wings
Lines # - Real PCT - Wanted PCT - Time Play
Normal Forward
1 - 31% - 35% - 14:48
2 - 31% - 35% - 14:39
3 - 22% - 20% - 10:35
4 - 15% - 10% - 7:04
Normal Defense
1 - 39% - 40% - 18:21
2 - 33% - 30% - 15:25
3 - 20% - 20% - 9:34
4 - 8% - 10% - 3:46
PP Forward
1 - 55% - 55% - 2:40
2 - 45% - 45% - 2:12
PP Defense
1 - 64% - 60% - 3:08
2 - 36% - 40% - 1:44
PK Forward
1 - 67% - 55% - 5:23
2 - 33% - 45% - 2:39
PK Defense
1 - 57% - 60% - 4:35
2 - 43% - 40% - 3:27
PK3 Forward
1 - 83% - 60% - 1:34
2 - 17% - 40% - 0:19
PK3 Defense
1 - 81% - 60% - 1:31
2 - 19% - 40% - 0:22
44 Forward
1 - 100% - 60% - 0:17
2 - 0% - 40% - 0:00
44 Defense
1 - 12% - 60% - 0:02
2 - 88% - 40% - 0:15
Last Minute Offensive - 0:00
Last Minute Defensive - 0:00
Total
Forward - 62:10
Defense - 62:10
|
% Time on Ice - Canadiens
Lines # - Real PCT - Wanted PCT - Time Play
Normal Forward
1 - 32% - 40% - 15:09
2 - 29% - 30% - 13:40
3 - 27% - 20% - 12:55
4 - 11% - 10% - 5:22
Normal Defense
1 - 34% - 40% - 15:57
2 - 39% - 30% - 18:34
3 - 23% - 20% - 11:03
4 - 3% - 10% - 1:32
PP Forward
1 - 52% - 60% - 4:10
2 - 48% - 40% - 3:52
PP Defense
1 - 61% - 60% - 4:54
2 - 39% - 40% - 3:08
PK Forward
1 - 87% - 60% - 4:13
2 - 13% - 40% - 0:39
PK Defense
1 - 60% - 60% - 2:54
2 - 40% - 40% - 1:58
PK3 Forward
1 - 0% - 60%
2 - 0% - 40%
PK3 Defense
1 - 0% - 60%
2 - 0% - 40%
44 Forward
1 - 77% - 60% - 1:40
2 - 23% - 40% - 0:30
44 Defense
1 - 71% - 60% - 1:32
2 - 29% - 40% - 0:38
Last Minute Offensive - 0:00
Last Minute Defensive - 0:00
Total
Forward - 62:10
Defense - 62:10
|
Play-by-Play
1st period
0:01 of 1st period - Corey Perry wins face-off versus Mike Richards in neutral zone.
0:10 of 1st period - Wrist shot by Greg Stewart.
0:10 of 1st period - Deflect By Corey Perry.
0:10 of 1st period - Shot Misses the Net.
0:10 of 1st period - Puck is out of play.
0:11 of 1st period - Frans Nielsen wins face-off versus Nick Bjugstad in Red Wings zone.
0:12 of 1st period - Snap shot by Steve Downie.
0:12 of 1st period - Stopped by James Reimer without a rebound.
0:13 of 1st period - Frans Nielsen wins face-off versus Nick Bjugstad in Red Wings zone.
0:18 of 1st period - Snap shot by Steve Downie.
0:18 of 1st period - Deflect By Benoit Pouliot.
0:18 of 1st period - Shot Blocked by Karl Alzner.
0:18 of 1st period - Puck is out of play.
0:19 of 1st period - Nick Bjugstad wins face-off versus Frans Nielsen in Red Wings zone.
0:19 of 1st period - Nick Bjugstad is hit by Frans Nielsen.
0:39 of 1st period - Snap shot by Benoit Pouliot.
0:39 of 1st period - Shot Misses the Net.
1:58 of 1st period - Wrist shot by Connor Brown.
1:58 of 1st period - Shot Misses the Net.
2:20 of 1st period - Wrist shot by Steve Downie.
2:20 of 1st period - Shot Blocked by Ole-Kristian Tollefsen.
2:22 of 1st period - Snap shot by Steve Downie.
2:22 of 1st period - Shot Blocked by Ole-Kristian Tollefsen.
2:36 of 1st period - Snap shot by Benoit Pouliot.
2:36 of 1st period - Stopped by James Reimer without a rebound.
2:37 of 1st period - Mike Richards wins face-off versus Henrik Sedin in Red Wings zone.
2:42 of 1st period - Greg Stewart is hit by Marko Dano and loses puck.
2:51 of 1st period - Snap shot by Kris Versteeg.
2:51 of 1st period - Shot Misses the Net.
2:53 of 1st period - Snap shot by Marko Dano.
2:53 of 1st period - Shot Blocked by Greg Stewart.
3:03 of 1st period - Petr Pohl is hit by Bryce Lampman and loses puck.
3:34 of 1st period - Icing by Cameron Gaunce.
3:35 of 1st period - Dustin Boyd wins face-off versus Mike Richards in Canadiens zone.
3:48 of 1st period - Wrist shot by Kris Versteeg.
3:48 of 1st period - Stopped by Kristers Gudlevskis without a rebound.
3:49 of 1st period - Pierre-Marc Bouchard wins face-off versus Mike Richards in Canadiens zone.
5:25 of 1st period - Snap shot by Darroll Powe.
5:25 of 1st period - Stopped by Kristers Gudlevskis with a rebound.
5:39 of 1st period - Karl Alzner is hit by Nick Spaling and loses puck.
6:06 of 1st period - Slapshot by Michael Haley.
6:06 of 1st period - Stopped by Kristers Gudlevskis without a rebound.
6:07 of 1st period - Darroll Powe wins face-off versus Dustin Boyd in Canadiens zone.
6:32 of 1st period - Marko Dano is hit by Bryce Lampman and loses puck.
6:39 of 1st period - Wrist shot by Frans Nielsen.
6:39 of 1st period - Shot Blocked by Ryan O'Byrne.
6:41 of 1st period - Snap shot by Steve Downie.
6:41 of 1st period - Shot Misses the Net.
7:43 of 1st period - Raphael Diaz is hit by Kris Versteeg and loses puck.
8:14 of 1st period - Wrist shot by Benoit Pouliot.
8:14 of 1st period - Deflect By Steve Downie.
8:14 of 1st period - Stopped by James Reimer with a rebound.
8:16 of 1st period - Slapshot by Raphael Diaz.
8:16 of 1st period - Stopped by James Reimer without a rebound.
8:17 of 1st period - David Krejci wins face-off versus Frans Nielsen in Red Wings zone.
8:34 of 1st period - Snap shot by David Krejci.
8:34 of 1st period - Stopped by Kristers Gudlevskis with a rebound.
8:56 of 1st period - Backhand shot by Frans Nielsen.
8:56 of 1st period - Shot Blocked by Ryan O'Byrne.
8:58 of 1st period - Snap shot by Benoit Pouliot.
8:58 of 1st period - Stopped by James Reimer with a rebound.
9:00 of 1st period - Snap shot by Steve Downie.
9:00 of 1st period - Stopped by James Reimer without a rebound.
9:01 of 1st period - Mike Richards wins face-off versus Henrik Sedin in Red Wings zone.
9:08 of 1st period - Snap shot by Corey Perry.
9:08 of 1st period - Shot Misses the Net.
10:46 of 1st period - Snap shot by Nick Bjugstad.
10:46 of 1st period - Stopped by Kristers Gudlevskis with a rebound.
10:50 of 1st period - Slapshot by Connor Brown.
10:50 of 1st period - Stopped by Kristers Gudlevskis without a rebound.
10:51 of 1st period - Kris Versteeg wins face-off versus Benoit Pouliot in Canadiens zone.
10:52 of 1st period - Slapshot by Marko Dano.
10:52 of 1st period - Shot Misses the Net.
10:54 of 1st period - Slapshot by Philip Samuelsson.
10:54 of 1st period - Stopped by Kristers Gudlevskis without a rebound.
10:55 of 1st period - Frans Nielsen wins face-off versus Mike Richards in Canadiens zone.
11:02 of 1st period - Slapshot by Kris Versteeg.
11:02 of 1st period - Deflect By Mike Richards.
11:02 of 1st period - Deflect By Mark Stuart.
11:02 of 1st period - Stopped by Kristers Gudlevskis with a rebound.
11:04 of 1st period - Slapshot by Ryan O'Byrne.
11:04 of 1st period - Shot Misses the Net.
11:06 of 1st period - Slapshot by Philip Samuelsson.
11:06 of 1st period - Stopped by Kristers Gudlevskis with a rebound.
11:33 of 1st period - Minor Penalty to Frans Nielsen for Holding.
11:34 of 1st period - Corey Perry wins face-off versus Mike Richards in Canadiens zone.
11:50 of 1st period - Slapshot by Henrik Sedin.
11:50 of 1st period - Stopped by James Reimer without a rebound.
11:51 of 1st period - Nick Bjugstad wins face-off versus Corey Perry in Red Wings zone.
12:27 of 1st period - Wrist shot by Sean Bergenheim.
12:27 of 1st period - Goal by Sean Bergenheim - Red Wings : 1 - Canadiens : 0.
12:28 of 1st period - Mike Richards wins face-off versus Henrik Sedin in neutral zone.
12:35 of 1st period - Slapshot by Kris Versteeg.
12:35 of 1st period - Stopped by Kristers Gudlevskis with a rebound.
12:37 of 1st period - Snap shot by Marko Dano.
12:37 of 1st period - Shot Blocked by Corey Perry.
13:21 of 1st period - Philip Samuelsson is hit by Steve Downie and loses puck.
13:44 of 1st period - Snap shot by Corey Perry.
13:44 of 1st period - Deflect By Ole-Kristian Tollefsen.
13:44 of 1st period - Stopped by James Reimer without a rebound.
13:45 of 1st period - Henrik Sedin wins face-off versus Carson Mcmillan in Red Wings zone.
13:48 of 1st period - Slapshot by Greg Stewart.
13:48 of 1st period - Shot Misses the Net.
14:00 of 1st period - Wrist shot by Carson Mcmillan.
14:00 of 1st period - Shot Misses the Net.
14:02 of 1st period - Slapshot by Ole-Kristian Tollefsen.
14:02 of 1st period - Stopped by Kristers Gudlevskis with a rebound.
14:04 of 1st period - Snap shot by Carson Mcmillan.
14:04 of 1st period - Stopped by Kristers Gudlevskis without a rebound.
14:05 of 1st period - Mike Richards wins face-off versus Pierre-Marc Bouchard in Canadiens zone.
14:18 of 1st period - Snap shot by Marko Dano.
14:18 of 1st period - Shot Misses the Net.
14:20 of 1st period - Snap shot by Kris Versteeg.
14:20 of 1st period - Shot Blocked by Cameron Gaunce.
14:22 of 1st period - Snap shot by Kris Versteeg.
14:22 of 1st period - Shot Blocked by Jordan Szwarz.
15:05 of 1st period - Slapshot by Carson Mcmillan.
15:05 of 1st period - Shot Blocked by Mark Stuart.
15:45 of 1st period - Wrist shot by Connor Brown.
15:45 of 1st period - Shot Misses the Net.
16:33 of 1st period - Wrist shot by Jordan Szwarz.
16:33 of 1st period - Stopped by James Reimer with a rebound.
16:35 of 1st period - Slapshot by Colton Parayko.
16:35 of 1st period - Shot Blocked by Jiri Fischer.
16:37 of 1st period - Snap shot by Brett Maclean.
16:37 of 1st period - Stopped by James Reimer with a rebound.
16:53 of 1st period - Wrist shot by Nick Bjugstad.
16:53 of 1st period - Stopped by Kristers Gudlevskis without a rebound.
16:54 of 1st period - Nick Bjugstad wins face-off versus Benoit Pouliot in Canadiens zone.
17:09 of 1st period - Snap shot by Nick Bjugstad.
17:09 of 1st period - Shot Misses the Net.
17:11 of 1st period - Slapshot by Philip Samuelsson.
17:11 of 1st period - Stopped by Kristers Gudlevskis with a rebound.
17:15 of 1st period - Wrist shot by Sean Bergenheim.
17:15 of 1st period - Shot Blocked by Frans Nielsen.
17:17 of 1st period - Wrist shot by Sean Bergenheim.
17:17 of 1st period - Shot Misses the Net.
17:41 of 1st period - Snap shot by Steve Downie.
17:41 of 1st period - Stopped by James Reimer with a rebound.
17:43 of 1st period - Snap shot by Steve Downie.
17:43 of 1st period - Stopped by James Reimer with a rebound.
17:45 of 1st period - Slapshot by Cameron Gaunce.
17:45 of 1st period - Shot Blocked by Nick Bjugstad.
18:01 of 1st period - Snap shot by Benoit Pouliot.
18:01 of 1st period - Stopped by James Reimer without a rebound.
18:02 of 1st period - Mike Richards wins face-off versus Henrik Sedin in Red Wings zone.
18:04 of 1st period - Icing by Philip Samuelsson.
18:05 of 1st period - Corey Perry wins face-off versus Mike Richards in Red Wings zone.
18:22 of 1st period - Henrik Sedin is hit by Marko Dano and loses puck.
19:14 of 1st period - Minor Penalty to Marko Dano for Hooking.
19:15 of 1st period - Darroll Powe wins face-off versus Henrik Sedin in Red Wings zone.
19:21 of 1st period - Slapshot by Greg Stewart.
19:21 of 1st period - Stopped by James Reimer without a rebound.
19:22 of 1st period - Darroll Powe wins face-off versus Corey Perry in Red Wings zone.
19:35 of 1st period - Snap shot by Carson Mcmillan.
19:35 of 1st period - Shot Misses the Net.
Goals for this period are 1 for Red Wings vs 0 for Canadiens.
Shots for this period are 15 for Red Wings vs 14 for Canadiens.
2nd period
0:01 of 2nd period - Henrik Sedin wins face-off versus Darroll Powe in neutral zone.
0:25 of 2nd period - Colton Parayko is hit by Jiri Fischer and loses puck.
1:14 of 2nd period - Penalty to Marko Dano is over, Marko Dano is back on ice.
1:32 of 2nd period - Colton Parayko is hit by Nick Bjugstad.
1:44 of 2nd period - Dustin Boyd is hit by Ryan O'Byrne and loses puck.
4:08 of 2nd period - Jordan Szwarz is hit by Michael Haley and loses puck.
4:15 of 2nd period - Jakub Kindl is hit by Colton Parayko and loses puck.
4:41 of 2nd period - Off-side.
4:42 of 2nd period - Henrik Sedin wins face-off versus Nick Bjugstad in neutral zone.
5:27 of 2nd period - Backhand shot by Benoit Pouliot.
5:27 of 2nd period - Shot Misses the Net.
5:46 of 2nd period - Slapshot by Corey Perry.
5:46 of 2nd period - Shot Blocked by Alex Picard.
5:46 of 2nd period - Alex Picard from Red Wings is injured at 5:46 of 2nd period (Bruised Right Shoulder).
5:47 of 2nd period - Henrik Sedin wins face-off versus Mike Richards in Red Wings zone.
5:50 of 2nd period - Slapshot by Greg Stewart.
5:50 of 2nd period - Deflect By Corey Perry.
5:50 of 2nd period - Stopped by James Reimer with a rebound.
6:49 of 2nd period - Jiri Fischer is hit by Steve Downie and loses puck.
7:00 of 2nd period - Snap shot by Petr Pohl.
7:00 of 2nd period - Shot Misses the Net.
7:02 of 2nd period - Snap shot by David Krejci.
7:02 of 2nd period - Stopped by Kristers Gudlevskis without a rebound.
7:03 of 2nd period - David Krejci wins face-off versus Dustin Boyd in Canadiens zone.
7:08 of 2nd period - Slapshot by Philip Samuelsson.
7:08 of 2nd period - Stopped by Kristers Gudlevskis with a rebound.
7:10 of 2nd period - Snap shot by Michael Haley.
7:10 of 2nd period - Stopped by Kristers Gudlevskis without a rebound.
7:11 of 2nd period - Nick Bjugstad wins face-off versus Henrik Sedin in Canadiens zone.
7:23 of 2nd period - Minor Penalty to Sean Bergenheim for Holding.
7:24 of 2nd period - Darroll Powe wins face-off versus Henrik Sedin in Red Wings zone.
7:34 of 2nd period - Jiri Fischer is hit by Corey Perry.
7:56 of 2nd period - Michael Haley is hit by Colton Parayko and loses puck.
9:23 of 2nd period - Penalty to Sean Bergenheim is over, Sean Bergenheim is back on ice.
9:29 of 2nd period - Ole-Kristian Tollefsen is hit by Pierre-Marc Bouchard.
9:37 of 2nd period - Cameron Gaunce is hit by David Krejci.
12:56 of 2nd period - Slapshot by Dustin Boyd.
12:56 of 2nd period - Stopped by James Reimer with a rebound.
12:58 of 2nd period - Wrist shot by Viktor Stalberg.
12:58 of 2nd period - Shot Misses the Net.
13:29 of 2nd period - Off-side.
13:30 of 2nd period - Henrik Sedin wins face-off versus Nick Bjugstad in neutral zone.
13:33 of 2nd period - Jiri Fischer is hit by Henrik Sedin and loses puck.
13:52 of 2nd period - Snap shot by Brett Maclean.
13:52 of 2nd period - Shot Misses the Net.
14:01 of 2nd period - Icing by Colton Parayko.
14:02 of 2nd period - Nick Bjugstad wins face-off versus Jordan Szwarz in Canadiens zone.
14:03 of 2nd period - Wrist shot by Connor Brown.
14:03 of 2nd period - Stopped by Kristers Gudlevskis with a rebound.
14:05 of 2nd period - Slapshot by Karl Alzner.
14:05 of 2nd period - Stopped by Kristers Gudlevskis with a rebound.
14:07 of 2nd period - Snap shot by Sean Bergenheim.
14:07 of 2nd period - Shot Blocked by Colton Parayko.
14:09 of 2nd period - Snap shot by Connor Brown.
14:09 of 2nd period - Shot Misses the Net.
14:11 of 2nd period - Wrist shot by Nick Bjugstad.
14:11 of 2nd period - Stopped by Kristers Gudlevskis without a rebound.
14:12 of 2nd period - Henrik Sedin wins face-off versus Nick Bjugstad in Canadiens zone.
14:12 of 2nd period - Henrik Sedin is hit by Karl Alzner.
15:12 of 2nd period - Wrist shot by Frans Nielsen.
15:12 of 2nd period - Shot Misses the Net.
15:32 of 2nd period - Backhand shot by Petr Pohl.
15:32 of 2nd period - Stopped by Kristers Gudlevskis with a rebound.
15:53 of 2nd period - Carson Mcmillan is hit by Pierre-Marc Bouchard and loses puck.
15:58 of 2nd period - Wrist shot by Pierre-Marc Bouchard.
15:58 of 2nd period - Shot Misses the Net.
16:00 of 2nd period - Wrist shot by Jordan Szwarz.
16:00 of 2nd period - Stopped by James Reimer without a rebound.
16:01 of 2nd period - Frans Nielsen wins face-off versus Mike Richards in Red Wings zone.
16:16 of 2nd period - Snap shot by Benoit Pouliot.
16:16 of 2nd period - Shot Blocked by Ole-Kristian Tollefsen.
16:18 of 2nd period - Snap shot by Steve Downie.
16:18 of 2nd period - Goal by Steve Downie - Red Wings : 1 - Canadiens : 1.
16:19 of 2nd period - Greg Stewart wins face-off versus Kris Versteeg in neutral zone.
16:34 of 2nd period - Snap shot by Kris Versteeg.
16:34 of 2nd period - Shot Misses the Net.
16:36 of 2nd period - Slapshot by Ryan O'Byrne.
16:36 of 2nd period - Shot Blocked by Colton Parayko.
16:46 of 2nd period - Ryan O'Byrne is hit by Steve Downie and loses puck.
16:59 of 2nd period - Wrist shot by Steve Downie.
16:59 of 2nd period - Shot Misses the Net.
17:40 of 2nd period - Minor Penalty to Jakub Kindl for High sticking.
17:41 of 2nd period - Carson Mcmillan wins face-off versus Henrik Sedin in Red Wings zone.
17:53 of 2nd period - Snap shot by Henrik Sedin.
17:53 of 2nd period - Stopped by James Reimer with a rebound.
17:55 of 2nd period - Snap shot by Bryce Lampman.
17:55 of 2nd period - Shot Misses the Net.
18:10 of 2nd period - Wrist shot by Benoit Pouliot.
18:10 of 2nd period - Shot Misses the Net.
18:14 of 2nd period - Snap shot by Frans Nielsen.
18:14 of 2nd period - Shot Blocked by Ryan O'Byrne.
18:16 of 2nd period - Wrist shot by Frans Nielsen.
18:16 of 2nd period - Stopped by James Reimer without a rebound.
18:17 of 2nd period - Kris Versteeg wins face-off versus Henrik Sedin in Red Wings zone.
19:40 of 2nd period - Penalty to Jakub Kindl is over, Jakub Kindl is back on ice.
Goals for this period are 0 for Red Wings vs 1 for Canadiens.
Shots for this period are 7 for Red Wings vs 6 for Canadiens.
3rd period
0:01 of 3rd period - Henrik Sedin wins face-off versus Kris Versteeg in neutral zone.
0:48 of 3rd period - Colton Parayko is hit by Ole-Kristian Tollefsen and loses puck.
0:55 of 3rd period - Slapshot by Jiri Fischer.
0:55 of 3rd period - Deflect By Michael Haley.
0:55 of 3rd period - Stopped by Kristers Gudlevskis without a rebound.
0:56 of 3rd period - Frans Nielsen wins face-off versus Mike Richards in Canadiens zone.
1:26 of 3rd period - Off-side.
1:27 of 3rd period - Nick Bjugstad wins face-off versus Brett Maclean in neutral zone.
1:42 of 3rd period - Snap shot by Jordan Szwarz.
1:42 of 3rd period - Shot Hit the Post.
1:48 of 3rd period - Ryan O'Byrne is hit by Colton Parayko and loses puck.
2:14 of 3rd period - Pierre-Marc Bouchard is hit by Karl Alzner and loses puck.
2:23 of 3rd period - Snap shot by Sean Bergenheim.
2:23 of 3rd period - Stopped by Kristers Gudlevskis without a rebound.
2:24 of 3rd period - Mike Richards wins face-off versus Henrik Sedin in Canadiens zone.
3:11 of 3rd period - Snap shot by Jakub Kindl.
3:11 of 3rd period - Shot Blocked by Cameron Gaunce.
3:16 of 3rd period - Minor Penalty to Philip Larsen for Tripping.
3:17 of 3rd period - Mike Richards wins face-off versus Corey Perry in Canadiens zone.
3:49 of 3rd period - Snap shot by Connor Brown.
3:49 of 3rd period - Shot Blocked by Colton Parayko.
5:09 of 3rd period - Benoit Pouliot is hit by Kris Versteeg and loses puck.
5:16 of 3rd period - Penalty to Philip Larsen is over, Philip Larsen is back on ice.
5:30 of 3rd period - Snap shot by Petr Pohl.
5:30 of 3rd period - Shot Blocked by Colton Parayko.
5:32 of 3rd period - Snap shot by Michael Haley.
5:32 of 3rd period - Shot Blocked by Philip Larsen.
6:12 of 3rd period - Icing by Jiri Fischer.
6:13 of 3rd period - Darroll Powe wins face-off versus Pierre-Marc Bouchard in Red Wings zone.
6:40 of 3rd period - Henrik Sedin is hit by Kris Versteeg.
6:48 of 3rd period - Wrist shot by Mike Richards.
6:48 of 3rd period - Stopped by Kristers Gudlevskis without a rebound.
6:49 of 3rd period - Pierre-Marc Bouchard wins face-off versus Mike Richards in Canadiens zone.
6:49 of 3rd period - Pierre-Marc Bouchard is hit by Kris Versteeg.
7:20 of 3rd period - Snap shot by Nick Bjugstad.
7:20 of 3rd period - Shot Blocked by Raphael Diaz.
7:22 of 3rd period - Snap shot by Connor Brown.
7:22 of 3rd period - Shot Blocked by Raphael Diaz.
7:24 of 3rd period - Wrist shot by Nick Bjugstad.
7:24 of 3rd period - Shot Misses the Net.
7:38 of 3rd period - Wrist shot by Darroll Powe.
7:38 of 3rd period - Shot Misses the Net.
7:40 of 3rd period - Wrist shot by Darroll Powe.
7:40 of 3rd period - Shot Misses the Net.
7:42 of 3rd period - Wrist shot by Carson Mcmillan.
7:42 of 3rd period - Deflect By Michael Haley.
7:42 of 3rd period - Stopped by Kristers Gudlevskis without a rebound.
7:43 of 3rd period - Darroll Powe wins face-off versus Henrik Sedin in Canadiens zone.
7:46 of 3rd period - Wrist shot by Carson Mcmillan.
7:46 of 3rd period - Stopped by Kristers Gudlevskis without a rebound.
7:47 of 3rd period - Greg Stewart wins face-off versus Mike Richards in Canadiens zone.
8:03 of 3rd period - Slapshot by Corey Perry.
8:03 of 3rd period - Shot Misses the Net.
8:19 of 3rd period - Slapshot by Steve Downie.
8:19 of 3rd period - Shot Misses the Net.
8:21 of 3rd period - Wrist shot by Steve Downie.
8:21 of 3rd period - Stopped by James Reimer with a rebound.
8:23 of 3rd period - Slapshot by Bryce Lampman.
8:23 of 3rd period - Stopped by James Reimer with a rebound.
8:34 of 3rd period - Minor Penalty to Petr Pohl for Hooking.
8:35 of 3rd period - Henrik Sedin wins face-off versus Carson Mcmillan in Red Wings zone.
8:35 of 3rd period - Snap shot by Greg Stewart.
8:35 of 3rd period - Shot Blocked by Jiri Fischer.
9:21 of 3rd period - Karl Alzner is hit by Raphael Diaz and loses puck.
10:34 of 3rd period - Penalty to Petr Pohl is over, Petr Pohl is back on ice.
11:00 of 3rd period - Wrist shot by Dustin Boyd.
11:00 of 3rd period - Shot Blocked by Ryan O'Byrne.
12:12 of 3rd period - Pierre-Marc Bouchard is hit by Carson Mcmillan and loses puck.
12:54 of 3rd period - Icing by Karl Alzner.
12:55 of 3rd period - Dustin Boyd wins face-off versus Nick Bjugstad in Red Wings zone.
13:00 of 3rd period - Snap shot by Corey Perry.
13:00 of 3rd period - Stopped by James Reimer without a rebound.
13:01 of 3rd period - Mike Richards wins face-off versus Henrik Sedin in Red Wings zone.
13:25 of 3rd period - David Krejci is hit by Bryce Lampman and loses puck.
13:48 of 3rd period - Slapshot by Steve Downie.
13:48 of 3rd period - Stopped by James Reimer without a rebound.
13:49 of 3rd period - Mike Richards wins face-off versus Henrik Sedin in Red Wings zone.
13:58 of 3rd period - Wrist shot by Marko Dano.
13:58 of 3rd period - Stopped by Kristers Gudlevskis without a rebound.
13:59 of 3rd period - Mike Richards wins face-off versus Henrik Sedin in Canadiens zone.
15:21 of 3rd period - Wrist shot by Kris Versteeg.
15:21 of 3rd period - Stopped by Kristers Gudlevskis with a rebound.
15:45 of 3rd period - Snap shot by Greg Stewart.
15:45 of 3rd period - Deflect By Corey Perry.
15:45 of 3rd period - Shot Misses the Net.
15:45 of 3rd period - Puck is out of play.
15:46 of 3rd period - David Krejci wins face-off versus Frans Nielsen in Red Wings zone.
16:25 of 3rd period - Snap shot by Carson Mcmillan.
16:25 of 3rd period - Stopped by Kristers Gudlevskis without a rebound.
16:26 of 3rd period - Connor Brown wins face-off versus Frans Nielsen in Canadiens zone.
16:47 of 3rd period - Minor Penalty to Cameron Gaunce for Holding.
16:48 of 3rd period - Nick Bjugstad wins face-off versus Corey Perry in Canadiens zone.
17:15 of 3rd period - Nick Bjugstad is hit by Colton Parayko and loses puck.
18:47 of 3rd period - Penalty to Cameron Gaunce is over, Cameron Gaunce is back on ice.
18:59 of 3rd period - Michael Haley is hit by Mark Stuart and loses puck.
19:30 of 3rd period - Slapshot by Corey Perry.
19:30 of 3rd period - Stopped by James Reimer without a rebound.
19:31 of 3rd period - Mike Richards wins face-off versus Nick Spaling in Red Wings zone.
19:36 of 3rd period - Colton Parayko is hit by Marko Dano and loses puck.
19:53 of 3rd period - Minor Penalty to Mike Richards for Hooking.
19:54 of 3rd period - Darroll Powe wins face-off versus Frans Nielsen in Red Wings zone.
19:54 of 3rd period - Darroll Powe is hit by Frans Nielsen.
Goals for this period are 0 for Red Wings vs 0 for Canadiens.
Shots for this period are 8 for Red Wings vs 5 for Canadiens.
Overtime #1
0:01 of 1st overtime period - Henrik Sedin wins face-off versus Carson Mcmillan in neutral zone.
0:12 of 1st overtime period - Icing by Colton Parayko.
0:13 of 1st overtime period - Carson Mcmillan wins face-off versus Henrik Sedin in Canadiens zone.
0:22 of 1st overtime period - Wrist shot by Carson Mcmillan.
0:22 of 1st overtime period - Stopped by Kristers Gudlevskis with a rebound.
0:24 of 1st overtime period - Slapshot by Ryan O'Byrne.
0:24 of 1st overtime period - Stopped by Kristers Gudlevskis without a rebound.
0:25 of 1st overtime period - Carson Mcmillan wins face-off versus Corey Perry in Canadiens zone.
0:26 of 1st overtime period - Slapshot by Jiri Fischer.
0:26 of 1st overtime period - Stopped by Kristers Gudlevskis without a rebound.
0:27 of 1st overtime period - Corey Perry wins face-off versus Carson Mcmillan in Canadiens zone.
0:32 of 1st overtime period - Ryan O'Byrne is hit by Corey Perry and loses puck.
1:13 of 1st overtime period - Slapshot by Nick Spaling.
1:13 of 1st overtime period - Shot Misses the Net.
1:19 of 1st overtime period - Slapshot by Ole-Kristian Tollefsen.
1:19 of 1st overtime period - Shot Blocked by Nick Spaling.
1:53 of 1st overtime period - Penalty to Mike Richards is over, Mike Richards is back on ice.
2:04 of 1st overtime period - Snap shot by Sean Bergenheim.
2:04 of 1st overtime period - Shot Blocked by Colton Parayko.
2:06 of 1st overtime period - Wrist shot by Mike Richards.
2:06 of 1st overtime period - Shot Misses the Net.
2:08 of 1st overtime period - Snap shot by Mike Richards.
2:08 of 1st overtime period - Shot Misses the Net.
2:10 of 1st overtime period - Wrist shot by Mike Richards.
2:10 of 1st overtime period - Goal by Mike Richards - Red Wings : 2 - Canadiens : 1.
Goals for this period are 1 for Red Wings vs 0 for Canadiens.
Shots for this period are 4 for Red Wings vs 0 for Canadiens.